[Event "Titled Tuesday Blitz May 10 Early 2022"]
[White "Demchenko, Anton"]
[Black "Csonka, Balazs"]
[WhiteFideId "4160258"]
[BlackFideId "742910"]
[WhiteElo "2539"]
[BlackElo "2404"]
[Result "0-1"]
[Round "06"]
[TimeControl "180+1"]
[Date "2022.05.10"]
[WhiteClock "0:00:01"]
[BlackClock "0:00:04"]

1. e4 c5 2. Nf3 d6 3. d4 cxd4 4. Qxd4 Nc6 5. Bb5 Bd7 6. Bxc6 Bxc6 7. Nc3 Nf6 8. Bg5 e6 9. O-O-O Be7 10. Qd3 Qa5 11. Kb1 O-O 12. Bd2 Qa6 13. Qxa6 bxa6 14. Rhe1 Rac8 15. Nd4 Bb7 16. f3 d5 17. exd5 Nxd5 18. Nxd5 Bxd5 19. Be3 a5 20. Nb5 a6 21. Nc3 Bc6 22. Bd4 a4 23. a3 Rfd8 24. Bb6 Rxd1+ 25. Rxd1 f6 26. Ba5 e5 27. Bb4 Bxb4 28. axb4 Kf7 29. Ka2 Ke6 30. Ka3 f5 31. Rd2 e4 32. fxe4 fxe4 33. Ne2 Ke5 34. c3 e3 35. Rd3 Ke4 36. Rd4+ Ke5 37. Rg4 g6 38. Rg3 Ke4 39. c4 Bd7 40. Nc3+ Kd4 41. Nd5 Rxc4 42. Nxe3 Rc8 43. Ng4 Be6 44. Nf2 Rc1 45. Rd3+ Ke5 46. Re3+ Kf6 47. Rf3+ Ke7 48. b5 Ra1+ 49. Kb4 axb5 50. Kxb5 Rb1 51. Nd3 a3 52. Kb4 a2 53. Nc5 a1=Q 54. Re3 Qxb2+ 0-1


[Site "https://www.chess.com"]

[Event "Titled Tuesday Blitz May 10 Early 2022"]
[White "Devaev, Alexander"]
[Black "Perdomo, Carlos Andres"]
[WhiteFideId "4169395"]
[BlackFideId "4400852"]
[WhiteElo "2185"]
[BlackElo "2268"]
[Result "1-0"]
[Round "06"]
[TimeControl "180+1"]
[Date "2022.05.11"]
[WhiteClock "0:00:13"]
[BlackClock "0:00:09"]

1. d4 Nf6 2. c4 e6 3. Nf3 d5 4. cxd5 exd5 5. Nc3 c6 6. Bg5 Nbd7 7. e3 Be7 8. Bd3 Nf8 9. Qc2 Ne6 10. Bxf6 Bxf6 11. O-O g6 12. b4 a6 13. a4 O-O 14. Rfd1 Qd6 15. Qb3 Bd7 16. b5 axb5 17. axb5 Rxa1 18. Rxa1 c5 19. Qxd5 Qxd5 20. Nxd5 Bg7 21. Ra7 cxd4 22. Rxb7 Nc5 23. Rc7 Nxd3 24. Rxd7 Ra8 25. g3 Ra1+ 26. Kg2 Ra2 27. b6 Rxf2+ 28. Kg1 Rb2 29. b7 Bf8 30. Nxd4 Nc5 31. Rd8 Rxb7 32. g4 Kg7 33. g5 Ne4 34. h4 Bc5 35. Kg2 Rb2+ 36. Kf3 Nd2+ 37. Kg4 Ne4 38. Kf4 Nd2 39. Nf6 Bf8 40. Rd7 Nc4 41. Ne6+ Kh8 42. Nxf8 Rf2+ 43. Kg3 Rf1 44. Nxg6+ fxg6 45. Rxh7# 1-0


[Site "https://www.chess.com"]

[Event "Titled Tuesday Blitz May 10 Early 2022"]
[White "Donchenko, Alexander"]
[Black "Barp, Alberto"]
[WhiteFideId "24603295"]
[BlackFideId "872555"]
[WhiteElo "2572"]
[BlackElo "2229"]
[Result "0-1"]
[Round "06"]
[TimeControl "180+1"]
[Date "2022.05.10"]
[WhiteClock "0:02:00"]
[BlackClock "0:01:21"]

1. Nf3 c5 2. g3 Nc6 3. Bg2 g6 4. O-O Bg7 5. c4 d6 6. Nc3 Nf6 7. d4 cxd4 8. Nxd4 Bd7 9. Nc2 O-O 10. b3 Rc8 11. Bb2 a6 12. Qd2 Be6 13. Rfd1 Qd7 14. Nd5 Bxd5 15. cxd5 Ne5 16. h3 Qd8 17. Nd4 Qb6 18. Rac1 Qa7 19. Kh2 Qa8 20. f4 Ned7 21. e4 Rxc1 22. Rxc1 Rc8 23. Rc2 Ne8 24. Qc1 Rxc2 25. Qxc2 Qd8 26. Qd2 Qc7 27. Bf3 Qc5 28. b4 Qc4 29. Bc3 Qf1 30. Bg2 Qb1 31. Qb2 Qd3 32. Qb3 Bxd4 0-1


[Site "https://www.chess.com"]

[Event "Titled Tuesday Blitz May 10 Early 2022"]
[White "Friedel, Tom"]
[Black "Yurtseven, Melih"]
[WhiteFideId "2002108"]
[BlackFideId "6312160"]
[WhiteElo "2331"]
[BlackElo "2160"]
[Result "0-1"]
[Round "06"]
[TimeControl "180+1"]
[Date "2022.05.11"]
[WhiteClock "0:00:02"]
[BlackClock "0:00:14"]

1. e4 c5 2. Nf3 Nc6 3. Bb5 e5 4. O-O Bd6 5. c3 Nge7 6. d4 cxd4 7. cxd4 exd4 8. Nxd4 Qc7 9. h3 O-O 10. Nc3 a6 11. Be2 b5 12. Be3 Bb7 13. Rc1 Qb8 14. Nd5 Nxd5 15. exd5 Nxd4 16. Qxd4 Re8 17. Bg4 Be5 18. Qd2 Qd6 19. Rfd1 Rad8 20. b4 g6 21. Bc5 Qf6 22. Be3 h5 23. Bf3 Qd6 24. a3 Rc8 25. Qd3 Bh2+ 26. Kh1 Bf4 27. Qd4 Bxe3 28. fxe3 Qe5 29. Qxe5 Rxe5 30. Rxc8+ Bxc8 31. Rc1 Bb7 32. e4 Re8 33. Rc7 Bc8 34. Kg1 Kg7 35. Kf2 Kf6 36. Ke3 Ke5 37. Ra7 Rh8 38. Ra8 Re8 39. Rb8 Kd6 40. Rb6+ Ke5 41. Rb8 Rf8 42. Ra8 Kd6 43. Ra7 Re8 44. Kd4 Re7 45. Ra8 Re8 46. Rb8 Kc7 47. Rxc8+ Rxc8 0-1


[Site "https://www.chess.com"]

[Event "Titled Tuesday Blitz May 10 Early 2022"]
[White "Gallego Alcaraz, Andres Felipe"]
[Black "Aaditya Dhingra"]
[WhiteFideId "4402669"]
[BlackFideId "25678191"]
[WhiteElo "2340"]
[BlackElo "1849"]
[Result "0-1"]
[Round "06"]
[TimeControl "180+1"]
[Date "2022.05.11"]
[WhiteClock "0:00:17"]
[BlackClock "0:00:11"]

1. d4 d5 2. Nf3 Nf6 3. c4 e6 4. g3 Bb4+ 5. Bd2 Be7 6. Bg2 O-O 7. O-O Nbd7 8. Qc2 c6 9. Rd1 Ne4 10. Bc1 f5 11. b3 b5 12. Ba3 b4 13. Bb2 a5 14. Nbd2 a4 15. Rac1 a3 16. Ba1 Ba6 17. Ne5 Nxe5 18. dxe5 Bc5 19. e3 Nxd2 20. Rxd2 Rc8 21. Bf1 Ba7 22. Bd4 Bxd4 23. Rxd4 Qe7 24. c5 Bxf1 25. Kxf1 Rb8 26. Qd2 Qb7 27. f4 Qa6+ 28. Kf2 Qa5 29. h3 Rb5 30. Qc2 Rfb8 31. g4 g6 32. Kf3 Qd8 33. Kg3 Ra5 34. Qd2 Rab5 35. Rc2 R8b7 36. Qc1 Ra5 37. Qe1 Rab5 38. e4 fxe4 39. Qxe4 Qf8 40. Qf3 Rxc5 41. Rxc5 Qxc5 42. Rd3 Qc1 43. f5 Qg1+ 44. Kh4 Qe1+ 45. Kg5 gxf5 46. gxf5 Rg7+ 47. Kh5 Qg1 48. Qf4 exf5 49. Qxf5 Qg6+ 50. Qxg6 Rxg6 51. Rd4 Re6 52. Rxb4 Rxe5+ 53. Kg4 Re2 54. Rb6 Rxa2 55. Rxc6 Rb2 56. Rd6 a2 57. Ra6 d4 58. Kf4 d3 59. Ke3 d2 60. Ke2 d1=Q+ 61. Kxd1 Rb1+ 0-1


[Site "https://www.chess.com"]

[Event "Titled Tuesday Blitz May 10 Early 2022"]
[White "Gharibyan, Mamikon"]
[Black "Zhigalko, Sergei"]
[WhiteFideId "13308300"]
[BlackFideId "13502956"]
[WhiteElo "2254"]
[BlackElo "2662"]
[Result "0-1"]
[Round "06"]
[TimeControl "180+1"]
[Date "2022.05.10"]
[WhiteClock "0:00:02"]
[BlackClock "0:00:32"]

1. c4 e5 2. Nc3 Nf6 3. g3 c6 4. Nf3 d6 5. Bg2 Be7 6. O-O O-O 7. b4 h6 8. b5 Be6 9. d3 Nbd7 10. bxc6 bxc6 11. Qa4 Nc5 12. Qc2 Rc8 13. Rd1 Qa5 14. d4 exd4 15. Nxd4 Qa6 16. Nxe6 fxe6 17. Nb1 Ng4 18. Bf4 Nxf2 19. Kxf2 e5 20. e3 exf4 21. exf4 Bf6 22. Nc3 Qxc4 23. Rac1 Bd4+ 24. Kf3 Rce8 25. Kg4 Qe6+ 26. f5 Rxf5 27. Rxd4 Rf2+ 28. Kh4 Rxc2 29. Rxc2 Qf6+ 0-1


[Site "https://www.chess.com"]

[Event "Titled Tuesday Blitz May 10 Early 2022"]
[White "Girinath, P.D.S."]
[Black "Ovezdurdyyeva, Jemal"]
[WhiteFideId "5000572"]
[BlackFideId "14001888"]
[WhiteElo "2369"]
[BlackElo "1946"]
[Result "1-0"]
[Round "06"]
[TimeControl "180+1"]
[Date "2022.05.11"]
[WhiteClock "0:01:41"]
[BlackClock "0:01:33"]

1. e4 d6 2. d4 Nf6 3. Nc3 g6 4. g3 c6 5. a4 a6 6. Bg2 Bg7 7. Nge2 O-O 8. O-O e5 9. a5 b5 10. axb6 Qxb6 11. h3 a5 12. Be3 exd4 13. Bxd4 c5 14. Bxf6 Bxf6 15. Nd5 Qxb2 16. Rb1 Qe5 17. Nxf6+ Qxf6 18. e5 Qxe5 19. Bxa8 Bxh3 20. Bg2 Bg4 21. Re1 Na6 22. Qd2 Nb4 23. c3 Na6 24. Nf4 Qf6 25. Nd5 Qf5 26. Ne7+ 1-0


[Site "https://www.chess.com"]

[Event "Titled Tuesday Blitz May 10 Early 2022"]
[White "Golizadeh, Asghar"]
[Black "Matveeva, Olga"]
[WhiteFideId "12505269"]
[BlackFideId "24107018"]
[WhiteElo "2403"]
[BlackElo "2052"]
[Result "0-1"]
[Round "06"]
[TimeControl "180+1"]
[Date "2022.05.11"]
[WhiteClock "0:00:09"]
[BlackClock "0:01:00"]

1. e4 e6 2. d4 d5 3. Nc3 Nf6 4. e5 Nfd7 5. f4 c5 6. Nf3 Nc6 7. Be3 cxd4 8. Nxd4 Bc5 9. Qd2 O-O 10. Be2 a6 11. O-O-O Nxd4 12. Bxd4 b5 13. f5 Bxd4 14. Qxd4 Qc7 15. fxe6 fxe6 16. Nxd5 Qxe5 17. Ne7+ Kh8 18. Nc6 Qxe2 19. Rhe1 Qc4 20. Qxc4 bxc4 21. Ne7 Nc5 22. Nxc8 Raxc8 23. Rd6 h6 24. g4 Rf2 25. h4 Kh7 26. Kb1 a5 27. b3 c3 28. g5 hxg5 29. hxg5 Kg6 30. a3 Kxg5 31. b4 axb4 32. axb4 Rb8 33. Re5+ Rf5 34. Rxc5 Rxc5 35. Rd4 Rcb5 36. Kc1 Rxb4 37. Rd7 Rb1# 0-1


[Site "https://www.chess.com"]

[Event "Titled Tuesday Blitz May 10 Early 2022"]
[White "Dronavalli, Harika"]
[Black "Nogerbek, Kazybek"]
[WhiteFideId "5015197"]
[BlackFideId "13710427"]
[WhiteElo "2382"]
[BlackElo "2441"]
[Result "0-1"]
[Round "06"]
[TimeControl "180+1"]
[Date "2022.05.10"]
[WhiteClock "0:00:34"]
[BlackClock "0:00:32"]

1. e4 c5 2. c3 d5 3. exd5 Qxd5 4. d4 Nf6 5. Nf3 e6 6. Na3 Nc6 7. Be3 cxd4 8. Nb5 Qd7 9. Nbxd4 Be7 10. Nxc6 Qxc6 11. Nd4 Qc7 12. Nb5 Qb8 13. Qf3 O-O 14. Qg3 e5 15. Be2 a6 16. Bh6 Ne8 17. Na3 Bxa3 18. bxa3 Qd6 19. Bc1 Bd7 20. O-O Bc6 21. Rd1 Qg6 22. Qxg6 hxg6 23. Be3 Nc7 24. c4 Ne6 25. Rab1 Rfd8 26. Rxd8+ Rxd8 27. Rd1 Rxd1+ 28. Bxd1 f5 29. f3 g5 30. Bb3 Kf8 31. c5 Nf4 32. Bc4 Ke7 33. g3 Nh3+ 34. Kf1 Bxf3 35. a4 Bc6 36. a5 f4 37. Bd2 e4 38. Ke1 e3 39. Bc3 f3 40. Bf1 Ng1 41. Bd4 f2+ 42. Kd1 Ba4+ 43. Kc1 e2 0-1


[Site "https://www.chess.com"]

[Event "Titled Tuesday Blitz May 10 Early 2022"]
[White "Harish, Neeraj"]
[Black "Carrasco Miranda, Andres"]
[WhiteFideId "30958130"]
[BlackFideId "3405990"]
[WhiteElo "1574"]
[BlackElo "2177"]
[Result "1-0"]
[Round "06"]
[TimeControl "180+1"]
[Date "2022.05.11"]
[WhiteClock "0:01:13"]
[BlackClock "0:00:12"]

1. e4 c5 2. Nf3 d6 3. d4 cxd4 4. Nxd4 Nf6 5. Nc3 a6 6. Be3 e5 7. Nb3 Be6 8. f3 h5 9. Qd2 Nbd7 10. Nd5 Bxd5 11. exd5 g6 12. Na5 Bg7 13. Nxb7 Qc7 14. Na5 O-O 15. c4 e4 16. Be2 exf3 17. Bxf3 Ne5 18. O-O Nxc4 19. Nxc4 Qxc4 20. Rac1 Qh4 21. Bg5 Qa4 22. Bd1 Qb5 23. Bxf6 1-0


[Site "https://www.chess.com"]

[Event "Titled Tuesday Blitz May 10 Early 2022"]
[White "Harshavardhan G B"]
[Black "Migot, Tangi"]
[WhiteFideId "25059009"]
[BlackFideId "662445"]
[WhiteElo "1831"]
[BlackElo "2526"]
[Result "1-0"]
[Round "06"]
[TimeControl "180+1"]
[Date "2022.05.11"]
[WhiteClock "0:00:26"]
[BlackClock "0:00:06"]

1. e4 c5 2. Nf3 Nc6 3. d4 cxd4 4. Nxd4 Nf6 5. Nc3 d6 6. Bg5 e6 7. Qd3 Bd7 8. Ndb5 Qa5 9. Bxf6 gxf6 10. Nxd6+ Bxd6 11. Qxd6 Rd8 12. Qf4 Ke7 13. O-O-O Qe5 14. Qe3 Bc8 15. Be2 Rhg8 16. f4 Qa5 17. Bf3 Rxd1+ 18. Rxd1 Rd8 19. Nd5+ exd5 20. exd5+ Kf8 21. dxc6 Rxd1+ 22. Kxd1 bxc6 23. Bxc6 Bf5 24. Qa3+ Qxa3 25. bxa3 Be6 26. Kd2 Ke7 27. Kd3 Kd6 28. Be4 h6 29. a4 a5 30. Kd4 Bxa2 31. Bd3 Be6 32. Bc4 Bd7 33. Bb5 Bc8 34. c4 Bb7 35. g3 Bf3 36. c5+ Kc7 37. Bc4 Bd1 38. Bb5 Bc2 39. Be8 Bb3 40. g4 Bd1 41. h3 h5 42. gxh5 Bxh5 43. h4 Bd1 44. Bb5 Bb3 45. h5 Bc2 46. h6 Bh7 47. Bd3 f5 48. Kd5 f6 49. c6 Bg8+ 50. Kc5 Bh7 51. Bc4 Bg6 52. Bg8 1-0


[Site "https://www.chess.com"]

[Event "Titled Tuesday Blitz May 10 Early 2022"]
[White "Hnydiuk, Aleksander"]
[Black "Stankovic, Ivan G"]
[WhiteFideId "1109057"]
[BlackFideId "902837"]
[WhiteElo "2374"]
[BlackElo "2195"]
[Result "0-1"]
[Round "06"]
[TimeControl "180+1"]
[Date "2022.05.11"]
[WhiteClock "0:00:03"]
[BlackClock "0:01:29"]

1. e4 c5 2. Nf3 Nc6 3. Bb5 g6 4. Bxc6 bxc6 5. O-O Bg7 6. c3 Nh6 7. d4 cxd4 8. cxd4 O-O 9. Re1 f5 10. e5 Nf7 11. b3 c5 12. d5 e6 13. Nc3 Bb7 14. Bb2 g5 15. h3 g4 16. hxg4 fxg4 17. Nh2 Nxe5 18. Nxg4 Qh4 19. Nxe5 Qxf2+ 20. Kh1 Qh4+ 21. Kg1 Qf2+ 22. Kh1 Qxb2 23. Qd3 Bxe5 24. Rxe5 Qxa1+ 25. Kh2 Qf1 26. Rg5+ Kh8 27. Rh5 Qxd3 0-1


[Site "https://www.chess.com"]

[Event "Titled Tuesday Blitz May 10 Early 2022"]
[White "Ianov, Viktor"]
[Black "Hoffmann, Asa"]
[WhiteFideId "14102730"]
[BlackFideId "2001470"]
[WhiteElo "2152"]
[BlackElo "2117"]
[Result "0-1"]
[Round "06"]
[TimeControl "180+1"]
[Date "2022.05.11"]
[WhiteClock "0:00:57"]
[BlackClock "0:01:05"]

1. Nf3 d6 2. g3 e5 3. d3 Nf6 4. Bg2 Be7 5. c4 c6 6. Nc3 O-O 7. O-O h6 8. b4 Be6 9. b5 Qd7 10. Rb1 Bh3 11. bxc6 Nxc6 12. Bxh3 Qxh3 13. Rxb7 Ng4 14. e3 f5 15. Nd5 e4 16. Nxe7+ Nxe7 17. Re1 exf3 18. Qxf3 Qxh2+ 19. Kf1 Ng6 20. Ke2 N6e5 21. Qd5+ Kh8 22. Rf1 Rae8 23. Qxd6 Qh5 24. Kd2 Rd8 25. Qc7 Rxd3+ 26. Kc2 Rd7 27. Qc5 Rfd8 28. Rxd7 Rxd7 29. Bb2 Qe8 30. Bd4 Nf3 31. Qxf5 Rxd4 32. Qxf3 Rxc4+ 33. Kd3 Qd7+ 34. Kxc4 Ne5+ 0-1


[Site "https://www.chess.com"]

[Event "Titled Tuesday Blitz May 10 Early 2022"]
[White "Ismayil, Malak"]
[Black "Fajdetic, Hrvoje"]
[WhiteFideId "13412604"]
[BlackFideId "14501945"]
[WhiteElo "1879"]
[BlackElo "2172"]
[Result "1-0"]
[Round "06"]
[TimeControl "180+1"]
[Date "2022.05.11"]
[WhiteClock "0:01:18"]
[BlackClock "0:00:02"]

1. e4 c5 2. Nf3 g6 3. d4 cxd4 4. Nxd4 Bg7 5. Nc3 Nc6 6. Nxc6 bxc6 7. Bc4 e6 8. O-O d5 9. exd5 cxd5 10. Bb5+ Bd7 11. Bd3 Ne7 12. Bg5 f6 13. Bh4 Kf7 14. Rb1 e5 15. f3 Be6 16. Kh1 g5 17. Bg3 h5 18. h3 g4 19. h4 Ng6 20. Bxg6+ Kxg6 21. Qd3+ Bf5 22. Qe2 d4 23. Ne4 Rc8 24. Rbd1 Qd5 25. c3 Bxe4 26. fxe4 Qc4 27. Qf2 dxc3 28. Qf5+ Kh6 29. Bf2 Bf8 30. Qxf6+ Kh7 31. Qf5+ Kg8 32. Qxe5 Bg7 33. Qf5 c2 34. Rc1 Bxb2 35. Qg6+ 1-0


[Site "https://www.chess.com"]

[Event "Titled Tuesday Blitz May 10 Early 2022"]
[White "Itkis, Boris"]
[Black "Piliczewski, Bogusz"]
[WhiteFideId "1209167"]
[BlackFideId "1104144"]
[WhiteElo "2207"]
[BlackElo "1896"]
[Result "1-0"]
[Round "06"]
[TimeControl "180+1"]
[Date "2022.05.11"]
[WhiteClock "0:00:13"]
[BlackClock "0:00:04"]

1. Nf3 d5 2. b3 Nf6 3. Bb2 Bf5 4. e3 e6 5. d4 h6 6. Nbd2 Be7 7. Bd3 Ne4 8. O-O Nd7 9. Qe2 O-O 10. c4 c6 11. h3 Bh7 12. Nh2 f5 13. a3 Bd6 14. cxd5 exd5 15. b4 Qe7 16. Nb3 Rae8 17. Nc5 b6 18. Nxd7 Qxd7 19. b5 c5 20. dxc5 Nxc5 21. Bc2 f4 22. Bxh7+ Kxh7 23. Qc2+ Kh8 24. exf4 Bxf4 25. Rad1 Bxh2+ 26. Kxh2 Qd6+ 27. Kg1 Rd8 28. Qc3 Rf7 29. Qd4 Rfd7 30. Rfe1 Qg6 31. Re3 Ne6 32. Qe5 Ng5 33. Rg3 Qf7 34. f3 Kh7 35. Kh2 Ne6 36. Re1 Nf4 37. Qd4 Nh5 38. Rg4 Nf6 39. Rg3 Nh5 40. Rg4 Nf6 41. Rf4 Qg6 42. Qd2 Nh5 43. Rg4 Qd6+ 44. Kh1 Ng3+ 45. Kg1 Nf5 46. Qd3 Qe6 47. Rxe6 1-0


[Site "https://www.chess.com"]

[Event "Titled Tuesday Blitz May 10 Early 2022"]
[White "Ivanisevic, Ivan"]
[Black "Aggelis, Nikolaos"]
[WhiteFideId "912417"]
[BlackFideId "4213220"]
[WhiteElo "2495"]
[BlackElo "2154"]
[Result "1-0"]
[Round "06"]
[TimeControl "180+1"]
[Date "2022.05.11"]
[WhiteClock "0:00:22"]
[BlackClock "0:00:53"]

1. d4 d5 2. c4 dxc4 3. e4 b5 4. a4 c6 5. Nc3 a6 6. Nf3 Bb7 7. e5 e6 8. Be2 Bb4 9. O-O Bxc3 10. bxc3 Ne7 11. Ng5 h6 12. Ne4 O-O 13. Qc2 Nd7 14. Nd6 Qc7 15. Bf3 Nc8 16. Ba3 Nxd6 17. Bxd6 Qb6 18. Bxf8 Rxf8 19. Qe4 Rb8 20. Qe3 Qc7 21. Ra2 Nb6 22. a5 Nd5 23. Bxd5 cxd5 24. f4 Bc8 25. g4 b4 26. f5 b3 27. Raa1 b2 28. Rab1 Qxa5 29. f6 g5 30. Qd2 Qa3 31. h4 Kf8 32. hxg5 hxg5 33. Rf2 Ke8 34. Rxb2 Rxb2 35. Qxb2 Qxb2 36. Rxb2 Kd7 37. Kf2 Kc6 38. Ke3 a5 39. Kd2 a4 40. Kc1 Bd7 41. Kb1 Kc7 42. Ka2 Kd8 43. Ka3 Ke8 44. Rb6 Kd8 45. Kb4 Kc7 46. Ra6 Kb7 47. Ra5 Bc6 48. Kc5 Bd7 49. Kb4 Bc6 50. Kc5 Be8 51. Kd6 Kb6 52. Ra8 Bb5 53. Ke7 Ba6 54. Rb8+ Bb7 55. Rh8 a3 56. Rh1 Ka5 57. Kxf7 Ka4 58. Kg7 Kb3 59. f7 a2 60. f8=Q Kxc3 61. Qa3+ Kxd4 62. Qxa2 Kxe5 63. Qd2 d4 64. Re1+ Kd6 65. Qxg5 Bd5 66. Qe5+ Kc5 67. Qc7+ Kb4 68. Qb6+ Kc3 69. Qa5+ Kd3 70. Rd1+ Ke3 71. Qe1+ 1-0


[Site "https://www.chess.com"]

[Event "Titled Tuesday Blitz May 10 Early 2022"]
[White "Janaszak, Dawid"]
[Black "Saldano Dayer, Horacio"]
[WhiteFideId "1119206"]
[BlackFideId "103411"]
[WhiteElo "2199"]
[BlackElo "2419"]
[Result "1-0"]
[Round "06"]
[TimeControl "180+1"]
[Date "2022.05.11"]
[WhiteClock "0:01:19"]
[BlackClock "0:00:02"]

1. e4 e6 2. d4 d5 3. Bd3 c5 4. exd5 exd5 5. c3 Nc6 6. Nf3 Nf6 7. O-O Be7 8. dxc5 Bxc5 9. Qe2+ Be6 10. b4 Bb6 11. b5 Ne7 12. Ng5 Qd7 13. Be3 h6 14. Bxb6 hxg5 15. Bd4 Ng4 16. h3 Qc7 17. f4 gxf4 18. hxg4 f3 19. gxf3 Qg3+ 20. Qg2 Qf4 21. Na3 O-O-O 22. Rae1 Qh6 23. b6 a6 24. Be5 Ng6 25. Bg3 Nh4 26. Qh2 g5 27. Bb8 1-0


[Site "https://www.chess.com"]

[Event "Titled Tuesday Blitz May 10 Early 2022"]
[White "Jannatul, Ferdous"]
[Black "Schut, Han"]
[WhiteFideId "10212590"]
[BlackFideId "1005561"]
[WhiteElo "1707"]
[BlackElo "2057"]
[Result "1-0"]
[Round "06"]
[TimeControl "180+1"]
[Date "2022.05.11"]
[WhiteClock "0:00:32"]
[BlackClock "0:00:18"]

1. e4 c5 2. Nf3 d6 3. d4 cxd4 4. Nxd4 Nf6 5. Nc3 g6 6. Be2 Bg7 7. Be3 O-O 8. f3 Nc6 9. Qd2 d5 10. exd5 Nxd5 11. Nxd5 Qxd5 12. Nxc6 Qxc6 13. c3 Bf5 14. O-O Rfd8 15. Qe1 Bd3 16. Bxd3 Rxd3 17. Rd1 Rad8 18. Rxd3 Rxd3 19. Qe2 Qd7 20. Rc1 b6 21. Kf2 Bf6 22. Rc2 h5 23. Rd2 Rd5 24. Qd1 Rxd2+ 25. Qxd2 Qe6 26. b3 Bh4+ 27. g3 Bf6 28. Bd4 Qh3 29. Kg1 Qf5 30. Bxf6 Qxf6 31. Kg2 Kg7 32. Qd4 Qxd4 33. cxd4 Kf6 34. Kf2 Ke6 35. Ke3 Kd5 36. Kd3 e6 37. f4 b5 38. b4 f6 39. h3 g5 40. fxg5 fxg5 41. a3 a6 42. Ke3 e5 43. dxe5 Kxe5 44. h4 g4 45. Kd3 Kd5 46. Ke3 Kc4 47. Kf4 Kb3 48. Kg5 Kxa3 49. Kxh5 Kxb4 50. Kxg4 a5 51. h5 a4 52. h6 a3 53. h7 a2 54. h8=Q Ka3 55. Qc3+ Ka4 56. Qb2 1-0


[Site "https://www.chess.com"]

[Event "Titled Tuesday Blitz May 10 Early 2022"]
[White "Jaracz, Pawel"]
[Black "Bodnar, Nikolay"]
[WhiteFideId "1102222"]
[BlackFideId "14106469"]
[WhiteElo "2429"]
[BlackElo "2296"]
[Result "1-0"]
[Round "06"]
[TimeControl "180+1"]
[Date "2022.05.11"]
[WhiteClock "0:01:37"]
[BlackClock "0:00:15"]

1. e4 e6 2. d4 d5 3. Nc3 Bb4 4. e5 c5 5. Bd2 Bd7 6. a3 Bxc3 7. Bxc3 cxd4 8. Bxd4 Ne7 9. f4 Nbc6 10. Bf2 Qc7 11. Nf3 f6 12. exf6 gxf6 13. Qd2 O-O-O 14. Nd4 e5 15. Nb5 Qb8 16. Bc5 Be6 17. Nxa7+ Kd7 18. Nb5 b6 19. Bd6 Qb7 20. fxe5 fxe5 21. Bxe7 Nxe7 22. Be2 Rhf8 23. O-O-O Rc8 24. Qe3 Ng6 25. Bd3 Bf5 26. Rhf1 Bxd3 27. Qxd3 Ke6 28. Qh3+ Ke7 29. Qxh7+ 1-0


[Site "https://www.chess.com"]

[Event "Titled Tuesday Blitz May 10 Early 2022"]
[White "Jeet, Jain"]
[Black "Srihari L R"]
[WhiteFideId "5073022"]
[BlackFideId "46617116"]
[WhiteElo "2028"]
[BlackElo "2121"]
[Result "0-1"]
[Round "06"]
[TimeControl "180+1"]
[Date "2022.05.11"]
[WhiteClock "0:00:45"]
[BlackClock "0:01:33"]

1. Nf3 c5 2. e3 Nc6 3. b3 d5 4. c4 d4 5. exd4 cxd4 6. g3 g6 7. Bg2 Bg7 8. d3 Nh6 9. O-O O-O 10. Bb2 e5 11. Nbd2 f6 12. Re1 Nf7 13. a3 a5 14. Qc2 Re8 15. Ne4 Qc7 16. a4 Nb4 17. Qb1 Bg4 18. h3 Be6 19. Ba3 h6 20. Ned2 Bf8 21. Ne4 Kg7 22. Ned2 Rad8 23. Bf1 Na6 24. Bxf8+ Kxf8 25. Qd1 Kg7 26. Nb1 Qd7 27. Kh2 Nc5 28. Na3 Ng5 29. h4 Nxf3+ 30. Qxf3 Bg4 31. Qg2 Qf5 32. Nb5 Bf3 33. Qh3 Qxh3+ 34. Kxh3 e4 35. Nc7 Re5 36. dxe4 Nxe4 37. Ra2 d3 38. Nd5 d2 39. Rxe4 d1=Q 0-1


[Site "https://www.chess.com"]

[Event "Titled Tuesday Blitz May 10 Early 2022"]
[White "Jian, Alex"]
[Black "Ceres, Dragos"]
[WhiteFideId "30901022"]
[BlackFideId "13905864"]
[WhiteElo "2111"]
[BlackElo "2150"]
[Result "0-1"]
[Round "06"]
[TimeControl "180+1"]
[Date "2022.05.11"]
[WhiteClock "0:00:03"]
[BlackClock "0:00:39"]

1. d4 Nf6 2. c4 e6 3. Nc3 Bb4 4. Qc2 O-O 5. a3 Bxc3+ 6. Qxc3 b6 7. Bg5 Bb7 8. f3 d6 9. e4 e5 10. d5 Nbd7 11. Bd3 c6 12. Nh3 Rc8 13. dxc6 Bxc6 14. O-O Nc5 15. Be3 Nfd7 16. Rad1 Qe7 17. Qd2 Ba4 18. Bc2 Bxc2 19. Qxc2 Rfd8 20. b3 Ne6 21. Qd2 Ndc5 22. Rb1 a6 23. Nf2 g6 24. Nd3 f5 25. Nxc5 dxc5 26. Qc2 f4 27. Bf2 Nd4 28. Bxd4 Rxd4 29. Rbd1 Rcd8 30. h3 R8d6 31. Kh2 Qd7 32. Rxd4 Rxd4 33. Rf2 Kg7 34. Qb2 Kf6 35. Qc2 h5 36. Qb2 g5 37. Qc2 g4 38. fxg4 hxg4 39. hxg4 Qxg4 40. Qe2 Qg3+ 41. Kg1 Qxb3 42. Qh5 Rd1+ 43. Kh2 Qg3# 0-1


[Site "https://www.chess.com"]

[Event "Titled Tuesday Blitz May 10 Early 2022"]
[White "Jobava, Baadur"]
[Black "Seo, Jung Min"]
[WhiteFideId "13601520"]
[BlackFideId "1734687"]
[WhiteElo "2617"]
[BlackElo "2401"]
[Result "1-0"]
[Round "06"]
[TimeControl "180+1"]
[Date "2022.05.10"]
[WhiteClock "0:01:29"]
[BlackClock "0:01:28"]

1. b3 b6 2. Bb2 Bb7 3. Nf3 Nf6 4. e3 e6 5. Be2 Be7 6. O-O O-O 7. c4 c5 8. d4 cxd4 9. exd4 d5 10. Nbd2 Nbd7 11. Re1 Rc8 12. Rc1 Rc7 13. Bf1 Qa8 14. Ne5 Nxe5 15. dxe5 Nd7 16. cxd5 Rxc1 17. Bxc1 Bxd5 18. Nc4 Rd8 19. Qg4 Nf8 20. h4 Qc6 21. h5 b5 22. Bh6 g6 23. Nd6 Bxd6 24. exd6 Qxd6 25. Qd4 e5 26. Rxe5 f6 27. Rxd5 Qxd5 28. Qxf6 Ne6 29. hxg6 hxg6 30. Qxg6+ Kh8 31. Bc1 Qe5 32. Bb2 Qxb2 33. Qh6+ Kg8 34. Qxe6+ Kh8 35. Qh6+ Kg8 36. Qg5+ 1-0


[Site "https://www.chess.com"]

[Event "Titled Tuesday Blitz May 10 Early 2022"]
[White "Jumabayev, Rinat"]
[Black "Jarovinsky, Alexey"]
[WhiteFideId "13702661"]
[BlackFideId "14115131"]
[WhiteElo "2561"]
[BlackElo "2446"]
[Result "1/2-1/2"]
[Round "06"]
[TimeControl "180+1"]
[Date "2022.05.10"]
[WhiteClock "0:00:08"]
[BlackClock "0:00:15"]

1. d4 Nc6 2. Nf3 d6 3. e4 Nf6 4. Nc3 g6 5. h3 Bg7 6. Be3 O-O 7. Qd2 e5 8. O-O-O exd4 9. Nxd4 Re8 10. f3 Nxd4 11. Bxd4 Be6 12. Kb1 d5 13. Bd3 dxe4 14. Bxe4 Nxe4 15. Nxe4 Qxd4 16. Qxd4 Bxd4 17. Rxd4 Red8 18. Rhd1 Rxd4 19. Rxd4 Kf8 20. Nc5 Bc8 21. b4 b6 22. Nd7+ Bxd7 23. Rxd7 Rc8 24. c4 Ke8 25. Rd3 Rd8 26. Kc2 Rxd3 27. Kxd3 Kd7 28. Ke4 Ke6 29. g4 f5+ 30. gxf5+ gxf5+ 31. Kf4 h6 32. Ke3 c5 33. bxc5 bxc5 34. h4 Ke5 35. f4+ Kd6 36. Kd3 Kc6 37. Kc3 Kb6 38. Kb3 Ka6 39. Ka4 h5 40. Kb3 Kb6 41. Ka4 Ka6 42. Kb3 Kb6 43. Ka4 Ka6 1/2-1/2


[Site "https://www.chess.com"]

[Event "Titled Tuesday Blitz May 10 Early 2022"]
[White "Kaasen, Tor Fredrik"]
[Black "Maghsoodloo, Parham"]
[WhiteFideId "1516647"]
[BlackFideId "12539929"]
[WhiteElo "2335"]
[BlackElo "2630"]
[Result "0-1"]
[Round "06"]
[TimeControl "180+1"]
[Date "2022.05.10"]
[WhiteClock "0:00:16"]
[BlackClock "0:01:13"]

1. d4 d5 2. c4 e6 3. Nc3 Bb4 4. a3 Bxc3+ 5. bxc3 Nf6 6. cxd5 exd5 7. e3 O-O 8. Bd3 c5 9. Ne2 b6 10. O-O Bb7 11. f3 Re8 12. Ng3 Nc6 13. Kh1 Qc8 14. Qa4 Na5 15. Qd1 Ba6 16. e4 Bxd3 17. Qxd3 cxd4 18. cxd4 Qc4 19. Qxc4 Nxc4 20. e5 Nd7 21. Nf5 f6 22. f4 g6 23. Nh6+ Kg7 24. Ng4 f5 25. Ne3 Nxe3 26. Bxe3 Rac8 27. a4 Rc4 28. Rfb1 a6 29. Bf2 Kf7 30. Rb3 Rec8 31. e6+ Kxe6 32. Re1+ Kd6 33. Rbe3 R8c6 34. Bh4 Rc1 35. h3 Rxe1+ 36. Rxe1 Rc4 37. Re7 b5 38. axb5 axb5 39. Rxh7 b4 40. Be7+ Ke6 41. Bc5 Nxc5 42. dxc5 d4 43. Rg7 b3 44. Rb7 d3 45. Rb6+ Kd5 46. Rxb3 d2 0-1


[Site "https://www.chess.com"]